 Dungeon Crawl Stone Soup version 0.22-a0-612-gd2f0174 (webtiles) character file.

2285 digijack the Cleaver (level 9, -9/83 HPs)
             Began as a Hill Orc Monk on July 11, 2018.
             Was a Believer of Beogh.
             Killed from afar by an orc wizard (11 damage)
             ... with a puff of frost
             ... on level 10 of the Dungeon.
             The game lasted 00:34:46 (7132 turns).

digijack the Cleaver (Hill Orc Monk)                Turns: 7132, Time: 00:34:46

Health: -9/83      AC: 11    Str: 17    XL:     9   Next: 39%
Magic:  8/18       EV: 10    Int: 10    God:    Beogh [**....]
Gold:   445        SH:  0    Dex: 13    Spells: 8/8 levels left

rFire    . . .     SeeInvis .   a - +3 hand axe
rCold    . . .     Gourm    .   (no shield)
rNeg     . . .     Faith    .   l - +2 scale mail of Xobal {+Fly MR+}
rPois    .         Spirit   .   (no helmet)
rElec    .         Reflect  .   (no cloak)
rCorr    .         Harm     .   f - +0 pair of gloves
MR       +....                  (no boots)
Stlth    +.........             u - amulet of the acrobat
HPRegen  0.23/turn              k - ring of stealth
MPRegen  0.16/turn              w - ring of magical power

@: flying, very slightly contaminated
A: no striking features
a: Smiting, Renounce Religion, Stop Flying


You were on level 10 of the Dungeon.
You worshipped Beogh.
Beogh was pleased with you.
You were not hungry.

You visited 1 branch of the dungeon, and saw 8 of its levels.

You collected 445 gold pieces.

Inventory:

Hand Weapons
 a - a +3 hand axe (weapon)
Missiles
 e - 210 stones (quivered)
Armour
 f - a +0 pair of gloves (worn)
 l - the +2 scale mail of Xobal (worn) {+Fly MR+}
   (You found it on level 4 of the Dungeon)

   It affects your resistance to hostile enchantments.
   It lets you fly.
Jewellery
 k - a ring of stealth (left hand)
 u - an amulet of the acrobat (around neck)
 w - a ring of magical power (right hand)
Wands
 d - a wand of random effects (10)
 i - a wand of clouds (3)
 q - a wand of flame (11)
Scrolls
 h - 2 scrolls of remove curse
 m - 4 scrolls of identify
 o - 2 scrolls of magic mapping
 p - 3 scrolls of amnesia
Potions
 b - 4 potions of agility
 g - 2 potions of curing
 j - a potion of haste
 r - 2 potions of heal wounds
 s - a potion of resistance {unknown}
Comestibles
 c - 9 rations
 v - 4 chunks of flesh


   Skills:
 + Level 9.2 Fighting
 + Level 10.0 Axes
 + Level 7.6 Armour
 - Level 2.4 Dodging
 - Level 1.5 Stealth


You had 8 spell levels left.
You didn't know any spells.
Your spell library was empty.

Dungeon Overview and Level Annotations

Branches:
Dungeon (7/15)             Temple (0/1) D:6

Altars:
Gozag
Xom


Message History

The troll closely misses you. The troll claws you!
* * * LOW HITPOINT WARNING * * *
Aiming: Smiting
Press: ? - help, Dir - move target cursor, f/p - troll Smite: a troll (lightly wounded)
You smite the troll!
The troll is heavily wounded.
An orc priest comes into view. It is wielding a short sword.
The orc hits you but does no damage. The orc wizard hits you with a dagger.
* * * LOW HITPOINT WARNING * * *
The troll completely misses you.
The troll claws you but does no damage. x2
Okay, then.
Aiming: Smiting
Press: ? - help, Dir - move target cursor, f/p - troll Smite: a troll (moderately wounded)
You smite the troll!
The troll is severely wounded.
The orc wizard points at you and mumbles some strange words.
The puff of frost hits you!
You die... #### ooo

##########
######o########........#
......o@T.#.............
#.#######.#.###........#
#...#.# #........#
#.###T# #........#
#...#.# #...T....#
###.#.# #........#
#...T.# ######.###
#.##### .# ... ..


You could see a troll, an orc priest, an orc wizard and 3 orcs.

Vanquished Creatures
  3 yaks (D:10)
  A black bear (D:7)
  2 phantoms
  2 sky beasts (D:7)
  A centaur (D:5)
  3 ogres
  A scorpion (D:5)
  3 howler monkeys (D:7)
  4 crimson imps
  2 centaur zombies (D:7)
  2 hounds
  A bullfrog skeleton (D:6)
  2 orc priests (D:6)
  5 orc wizards
  An iguana (D:5)
  3 worker ants
  3 hound zombies
  A worker ant zombie (D:6)
  10 gnolls
  7 adders
  A shadow imp (D:5)
  An adder zombie (D:7)
  3 worms
  2 dart slugs
  3 leopard geckos
  27 orcs
  2 ball pythons
  2 giant cockroaches
  8 goblins
  10 hobgoblins
  2 quokkas
  7 bats
  A frilled lizard (D:3)
  4 kobolds
  A quokka skeleton (D:5)
  9 rats
  A fungus (D:2)
141 creatures vanquished.

Vanquished Creatures (others)
  2 plants (D:4)
2 creatures vanquished.

Grand Total: 143 creatures vanquished

Notes
Turn   | Place    | Note
-------+----------+-------------------------------------------
     0 | D:1      | digijack the Hill Orc Monk began the quest for the Orb.
     0 | D:1      | Reached XP level 1. HP: 19/19 MP: 1/1
    74 | D:1      | Reached XP level 2. HP: 22/27 MP: 2/2
   200 | D:1      | Reached skill level 1 in Armour
   577 | D:2      | Found a faded altar of an unknown god.
   666 | D:2      | Reached XP level 3. HP: 33/33 MP: 3/3
  1604 | D:2      | Reached skill level 5 in Axes
  1604 | D:2      | Reached XP level 4. HP: 25/41 MP: 4/4
  1631 | D:2      | HP: 1/41 [gnoll/club (6)]
  2166 | D:3      | Found a shimmering altar of Xom.
  2305 | D:3      | Reached XP level 5. HP: 29/47 MP: 5/5
  2562 | D:3      | Noticed a phantom
  2601 | D:3      | Killed a phantom
  2601 | D:3      | Reached skill level 5 in Fighting
  2601 | D:3      | Reached XP level 6. HP: 35/56 MP: 6/6
  2677 | D:3      | Reached skill level 6 in Axes
  3455 | D:4      | Got a pitted scale mail
  3509 | D:4      | Identified the +2 scale mail of Xobal {+Fly MR+} (You found it on level 4 of the Dungeon)
  3621 | D:4      | Reached XP level 7. HP: 50/63 MP: 7/7
  4225 | D:4      | Reached skill level 7 in Axes
  4564 | D:5      | Entered Level 5 of the Dungeon
  4727 | D:5      | Reached skill level 5 in Armour
  5421 | D:5      | Reached XP level 8. HP: 64/73 MP: 8/8
  5772 | D:5      | Reached skill level 8 in Axes
  6428 | D:6      | Became a worshipper of Beogh the Brigand
  6428 | D:6      | Reached * piety under Beogh
  6428 | D:6      | Reached ** piety under Beogh
  6679 | D:6      | Found a staircase to the Ecumenical Temple.
  6801 | D:7      | Reached skill level 9 in Axes
  6901 | D:7      | Reached XP level 9. HP: 67/82 MP: 9/9
  6946 | D:7      | Found an opulent altar of Gozag.
  7043 | D:7      | You fall through a shaft for 3 floors!
  7043 | D:10     | Entered Level 10 of the Dungeon
  7106 | D:10     | Reached skill level 10 in Axes
  7108 | D:10     | Noticed a troll
  7130 | D:10     | HP: 4/83 [troll (8)]
  7132 | D:10     | Killed from afar by an orc wizard

Vault maps used:
D:1:      minmay_arrival_loop
D:2:      chequers_ecumenical_altar_simple, minmay_misc_feat_doors,
          minmay_gold_behind_fungi
D:3:      first_ration, minmay_hedge_maze, xom_teletrap_fun
D:4:      minmay_stone_trees_small, nrook_mini_backslash, serial_bayou_ford_a,
          saegor_snake_ambush
D:6:      lemuel_temple_firewalk_b
D:7:      kennysheep_mini

Skill      XL: |  1  2  3  4  5  6  7  8  9 |
---------------+----------------------------+-----
Armour         | 1 2 3 4 5 7 |  7.6
Fighting       | 4 5 6 7 8 9 |  9.2
Axes           | 5 6 7 9 10 | 10.0
Dodging        | |  2.4
Stealth        | |  1.5

Action                   |  1- 3 |  4- 6 |  7- 9 || total
-------------------------+-------+-------+-------++-------
Melee: Hand axe          |   137 |   176 |   366 ||   679
Throw: Stone             |       |     5 |       ||     5
Invok: Convert to Beogh  |       |       |     1 ||     1
       Smiting           |       |       |     4 ||     4
 Abil: Evoke Flight      |       |       |     1 ||     1
Evoke: Wand              |       |     2 |       ||     2
  Use: Potion            |     5 |     2 |     3 ||    10
       Scroll            |     6 |     6 |     4 ||    16
 Stab: Sleeping          |     2 |     4 |     1 ||     7
       Distracted        |       |       |     1 ||     1
  Eat: Chunk             |     2 |     3 |     5 ||    10
       Ration            |       |     1 |     2 ||     3
Armor: Robe              |     9 |       |       ||     9
       Leather armour    |    14 |    30 |       ||    44
       Scale mail        |       |     5 |   148 ||   153
Dodge: Dodged            |    78 |    92 |   162 ||   332

Table legend:
 A = Spawn XP
 B = Non-spawn XP
 C = Spawn XP percentage of total XP
 D = Spawn monster count
 E = Non-spawn monster count
 F = Spawn count percentage of total count
 G = Total turns spent on level
                    A         B        C        D         E        F      G
               +---------+---------+-------+---------+---------+-------+---------
         Total |       0 |    3265 |   0.0 |       0 |     140 |   0.0 |  7132
               +---------+---------+-------+---------+---------+-------+---------
           D:1 |       0 |      32 |   0.0 |       0 |      20 |   0.0 |   553
           D:2 |       0 |      73 |   0.0 |       0 |      13 |   0.0 |  1598
           D:3 |       0 |     349 |   0.0 |       0 |      37 |   0.0 |  1270
           D:4 |       0 |     350 |   0.0 |       0 |      11 |   0.0 |  1143
           D:5 |       0 |     610 |   0.0 |       0 |      17 |   0.0 |  1483
           D:6 |       0 |     501 |   0.0 |       0 |      25 |   0.0 |   670
           D:7 |       0 |     715 |   0.0 |       0 |      13 |   0.0 |   326
          D:10 |       0 |     635 |   0.0 |       0 |       4 |   0.0 |    89
               +---------+---------+-------+---------+---------+-------+---------
